[Event "42nd Olympiad Baku 2016 Women"]
[Site "Baku"]
[Date "2016.09.08"]
[Round "6.22"]
[White "Vega Gutierrez, Sabrina"]
[Black "Agrest, Inna"]
[Result "1/2-1/2"]
[ECO "E90"]
[WhiteElo "2411"]
[BlackElo "2222"]
[Annotator ""]
[PlyCount "67"]
[EventDate "2016.??.??"]
[EventType "team-tourn"]
[EventCountry "AZE"]
[SourceTitle "playchess.com"]
[Source "ChessBase"]
[WhiteTeam "Spain"]
[BlackTeam "Sweden"]
[WhiteTeamCountry "ESP"]
[BlackTeamCountry "SWE"]
[TimeControl "40/5400+30:1800+30"]

1. d4 {(00:00} Nf6 {(00:00} 2. c4 {(00:00} g6 {(
00:06} 3. Nc3 {(00:00} Bg7 {(00:07} 4. e4 {(00:07} d6
{(00:06} 5. Nf3 {(00:16} O-O {(00:12} 6. h3 {(
00:17} e5 {(04:53} 7. d5 {(00:10} a5 {(07:13} 8. Be3 {
(00:35} Na6 {(00:27} 9. g4 {(00:28} c6 {(05:58}
10. Be2 {(08:36} Rb8 {(07:06} 11. Nd2 {(03:51} Nc7 {
(08:05} 12. g5 {(10:13} Nd7 {(02:51} 13. dxc6 {(
14:45} bxc6 {(01:17} 14. Nb3 {(00:12} d5 {(17:36} 15.
cxd5 {(23:13} cxd5 {(00:40} 16. exd5 {(00:02} Nb6 {
(05:19} 17. Nxa5 {(05:00} Ncxd5 {(18:47} 18. Nc6 {
(00:38} Nxe3 {(00:27} 19. Qxd8 {(03:48} Rxd8 {(
00:05} 20. fxe3 {(02:01} Bb7 {(00:27} 21. Nxd8 {(01:57]
} Bxh1 {(00:25} 22. O-O-O {(00:05} Bg2 {(01:54} 23. a4
{(07:19} Bf8 {(01:41} 24. e4 {(13:27} Be7 {(02:
42} 25. Nc6 {(00:01} Bxg5+ {(00:08} 26. Kb1 {(00:02}
Rc8 {(02:08} 27. Bb5 {(02:54} Bxh3 {(03:02} 28. a5 {
(00:02} Na8 {(01:18} 29. Nd5 {(00:02} Kf8 {(01:
55} 30. Nb6 {(00:21} Re8 {(00:31} 31. Nb4 {(04:06} Rb8
{(01:28} 32. Nc6 {(00:34} Re8 {(00:06} 33. Nb4 {
(00:45} Rb8 {(00:01} 34. Nc6 1/2-1/2

[Event "42nd Olympiad Baku 2016 Women"]
[Site "Baku"]
[Date "2016.09.08"]
[Round "6.2"]
[White "Velikic, Adela"]
[Black "Haast, Anne"]
[Result "1/2-1/2"]
[ECO "B43"]
[WhiteElo "2260"]
[BlackElo "2306"]
[Annotator ""]
[PlyCount "104"]
[EventDate "2016.??.??"]
[EventType "team-tourn"]
[EventCountry "AZE"]
[SourceTitle "playchess.com"]
[Source "ChessBase"]
[WhiteTeam "Serbia"]
[BlackTeam "Netherlands"]
[WhiteTeamCountry "SRB"]
[BlackTeamCountry "NED"]
[TimeControl "40/5400+30:1800+30"]

1. e4 {(00:00} c5 {(00:00} 2. Nf3 {(00:00} e6 {(
00:00} 3. d4 {(00:00} cxd4 {(00:01} 4. Nxd4 {(00:00}
a6 {(00:26} 5. Nc3 {(00:00} b5 {(00:29} 6. Bd3 {
(00:21} Qb6 {(00:23} 7. Nf3 {(01:00} Qc7 {(00:
26} 8. O-O {(00:19} Bb7 {(00:35} 9. Qe2 {(01:44} Be7 {
(03:00} 10. Bd2 {(01:44} Nc6 {(01:35} 11. Rfe1 {
(07:38} d6 {(11:18} 12. a4 {(01:30} b4 {(02:29}
13. Na2 {(01:34} Qb6 {(11:52} 14. a5 {(05:42} Qc5 {
(03:57} 15. c3 {(05:50} bxc3 {(05:35} 16. Nxc3 {
(01:48} Nf6 {(02:00} 17. b4 {(18:11} Qh5 {(21:
33} 18. b5 {(08:26} Nb4 {(02:30} 19. bxa6 {(13:47}
Bxa6 {(08:25} 20. Bxa6 {(00:52} Nxa6 {(00:13} 21. e5 {
(00:20} Nd7 {(03:58} 22. Qb5 {(02:41} Nac5 {(00:
56} 23. exd6 {(03:36} Bf6 {(02:08} 24. Rac1 {(06:06}
Rb8 {(01:22} 25. Qc4 {(02:15} O-O {(01:11} 26. Ne4 {
(03:04} Nb3 {(04:50} 27. Rb1 {(03:38} Nxd2 {(02:
06} 28. Nfxd2 {(00:06} Rxb1 {(06:23} 29. Rxb1 {(00:01}
Qxa5 {(00:20} 30. g3 {(02:23} Qd5 {(03:08} 31. Rb5 {
(05:45} Qxc4 {(00:16} 32. Nxc4 {(00:01} Rd8 {(
00:37} 33. Kf1 {(02:52} h6 {(01:08} 34. Ke2 {(00:08}
Kf8 {(00:54} 35. f4 {(00:57} Ke8 {(00:34} 36. Kd3 {
(00:26} Ra8 {(00:30} 37. Rb7 {(01:12} Bd8 {(00:
03} 38. Ne5 {(01:26} Nxe5+ {(00:18} 39. fxe5 {(00:01}
Ra5 {(00:15} 40. Kc4 {(00:00} Rxe5 {(00:00} 41. Nc3 {
(05:59} h5 {(11:22} 42. Nb5 {(11:06} Rd5 {(03:
57} 43. Nc7+ {(03:11} Bxc7 {(00:10} 44. dxc7 {(00:03}
Kd7 {(00:06} 45. c8=Q+ {(00:08} Kxc8 {(00:03} 46. Rxf7
{(00:08} Rd7 {(00:52} 47. Rf8+ {(01:10} Kc7 {(
01:24} 48. Re8 {(01:30} Kd6 {(02:04} 49. Rh8 {(00:35}
g6 {(06:28} 50. Rg8 {(00:21} Ke5 {(00:24} 51. Rxg6 {
(00:37} Kf5 {(03:16} 52. Rh6 {(00:19} Ke5 1/2-1/2

[Event "42nd Olympiad Baku 2016 Women"]
[Site "Baku"]
[Date "2016.09.08"]
[Round "6.13"]
[White "Vilhete, Vania Fausto Da T"]
[Black "Shipindo, Rauha"]
[Result "1-0"]
[ECO "C57"]
[WhiteElo "1741"]
[BlackElo "1621"]
[Annotator ""]
[PlyCount "105"]
[EventDate "2016.??.??"]
[EventType "team-tourn"]
[EventCountry "AZE"]
[SourceTitle "playchess.com"]
[Source "ChessBase"]
[WhiteTeam "Mozambique"]
[BlackTeam "Namibia"]
[WhiteTeamCountry "MOZ"]
[BlackTeamCountry "NAM"]
[TimeControl "40/5400+30:1800+30"]

1. e4 {(00:00} e5 {(00:00} 2. Nf3 {(00:00} Nf6 {
(00:00} 3. Bc4 {(00:14} Nc6 {(03:02} 4. Ng5 {(
07:27} d5 {(02:34} 5. exd5 {(00:07} Nxd5 {(01:36} 6.
Nxf7 {(00:32} Kxf7 {(07:46} 7. Qf3+ {(00:06} Ke8 {
(00:14} 8. Bxd5 {(00:12} Qf6 {(00:35} 9. Bxc6+ {
(02:57} bxc6 {(00:07} 10. Qc3 {(03:04} Bb7 {(04:
40} 11. O-O {(00:25} Bd6 {(00:14} 12. d3 {(00:51} Rf8
{(03:38} 13. Nd2 {(04:28} Kd7 {(08:18} 14. Ne4 {
(00:29} Qf5 {(01:04} 15. Be3 {(02:28} h5 {(15:
45} 16. Qb3 {(15:11} Bc8 {(04:56} 17. Bg5 {(07:35} Ke8
{(07:45} 18. Rae1 {(07:37} Rh8 {(02:40} 19. f4 {
(06:30} Be6 {(03:17} 20. Qb7 {(00:39} Kd7 {(00:
33} 21. fxe5 {(01:37} Qxe5 {(00:18} 22. Bf4 {(00:35}
Qd4+ {(01:27} 23. Kh1 {(00:35} Bxf4 {(02:18} 24. Rxf4 {
(01:50} Qb6 {(01:27} 25. Qxb6 {(00:53} cxb6 {(
00:16} 26. Ng5 {(01:19} Rae8 {(03:10} 27. Nxe6 {(06:43]
} Rxe6 {(00:28} 28. Rf7+ {(00:07} Kd6 {(00:42} 29.
Rxe6+ {(00:15} Kxe6 {(00:31} 30. Rxg7 {(00:10} a5 {
(05:49} 31. Kg1 {(00:15} Rf8 {(00:26} 32. Rg6+ {
(00:23} Kd7 {(00:20} 33. Rg5 {(00:36} Re8 {(02:
05} 34. Kf2 {(00:19} Rf8+ {(00:12} 35. Ke2 {(00:09}
Re8+ {(00:16} 36. Kd2 {(00:30} Rf8 {(00:33} 37. Rxh5 {
(00:31} Rf2+ {(00:10} 38. Kc3 {(00:11} Rxg2 {(
00:07} 39. Rh6 {(00:29} b5 {(01:15} 40. a3 {(00:00}
Rg4 {(00:00} 41. h4 {(01:10} c5 {(04:26} 42. Rh5 {
(01:05} Kd6 {(00:13} 43. Rh8 {(00:29} Kc6 {(04:
00} 44. h5 {(01:08} Rh4 {(00:09} 45. h6 {(00:13} Kc7 {
(01:07} 46. h7 {(02:07} Kb7 {(01:10} 47. Kd2 {(
12:05} a4 {(06:57} 48. Ke3 {(03:18} b4 {(02:59} 49. c3
{(03:26} bxa3 {(04:38} 50. bxa3 {(00:22} Kc7 {(
00:16} 51. Ra8 {(00:29} Rh3+ {(00:44} 52. Kf4 {(00:29}
Rxh7 {(00:51} 53. Ra7+ {(00:09} 1-0

[Event "42nd Olympiad Baku 2016 Women"]
[Site "Baku"]
[Date "2016.09.08"]
[Round "6.24"]
[White "Villar Acevedo, Darlin Rocio"]
[Black "Salim-Moussa, Seydi"]
[Result "1-0"]
[ECO "B06"]
[WhiteElo "1781"]
[BlackElo "1668"]
[Annotator ""]
[PlyCount "47"]
[EventDate "2016.??.??"]
[EventType "team-tourn"]
[EventCountry "AZE"]
[SourceTitle "playchess.com"]
[Source "ChessBase"]
[WhiteTeam "Dominican Republic"]
[BlackTeam "Netherlands Antilles"]
[WhiteTeamCountry "DOM"]
[BlackTeamCountry "AHO"]
[TimeControl "40/5400+30:1800+30"]

1. d4 {(00:00} d6 {(00:00} 2. e4 {(00:00} g6 {(
00:00} 3. Nc3 {(00:06} Bg7 {(00:08} 4. Be3 {(00:27}
Nf6 {(00:21} 5. f3 {(00:20} O-O {(00:43} 6. Qd2 {
(00:14} h6 {(01:06} 7. O-O-O {(00:25} a6 {(00:
54} 8. Bxh6 {(02:07} Ne8 {(04:01} 9. g4 {(03:13} Kh7 {
(03:41} 10. Bxg7 {(00:25} Nxg7 {(00:18} 11. h4 {
(00:19} Rh8 {(02:43} 12. Bd3 {(02:10} Nc6 {(04:
39} 13. Nge2 {(01:15} b5 {(01:59} 14. h5 {(01:13} Kg8
{(02:02} 15. hxg6 {(00:28} fxg6 {(03:19} 16. Rxh8+ {
(00:48} Kxh8 {(00:08} 17. Qh6+ {(02:08} Kg8 {(
00:13} 18. e5 {(01:00} e6 {(06:25} 19. Bxg6 {(02:53}
Ne7 {(05:24} 20. Bh7+ {(03:25} Kh8 {(02:37} 21. Ne4 {
(01:20} Nd5 {(04:42} 22. Bg6+ {(01:40} Kg8 {(00:
12} 23. Qh7+ {(00:19} Kf8 {(00:15} 24. Qh8+ {(00:12}
1-0

[Event "42nd Olympiad Baku 2016 Women"]
[Site "Baku"]
[Date "2016.09.08"]
[Round "6.12"]
[White "Vongvastana, Chananchida"]
[Black "Manyeli Mahlauli"]
[Result "1-0"]
[ECO "C54"]
[WhiteElo "1594"]
[BlackElo "1088"]
[Annotator ""]
[PlyCount "79"]
[EventDate "2016.??.??"]
[EventType "team-tourn"]
[EventCountry "AZE"]
[SourceTitle "playchess.com"]
[Source "ChessBase"]
[WhiteTeam "Thailand"]
[BlackTeam "Lesotho"]
[WhiteTeamCountry "THA"]
[BlackTeamCountry "LES"]
[TimeControl "40/5400+30:1800+30"]

1. e4 {(00:00} e5 {(00:00} 2. Nf3 {(00:00} Nc6 {
(00:04} 3. Bc4 {(00:00} Bc5 {(00:16} 4. c3 {(00:
00} Nf6 {(00:34} 5. d3 {(00:05} O-O {(02:22} 6. O-O {
(00:10} h6 {(00:46} 7. h3 {(00:47} Na5 {(01:00}
8. Nxe5 {(06:28} d6 {(03:32} 9. Bxf7+ {(01:50} Rxf7 {
(01:18} 10. Nxf7 {(00:10} Kxf7 {(00:33} 11. b4 {
(00:12} Bb6 {(02:06} 12. bxa5 {(00:56} Bxa5 {(
00:21} 13. Nd2 {(01:23} b5 {(02:54} 14. Bb2 {(01:29}
Kg8 {(03:19} 15. Qb3+ {(00:25} Kh7 {(00:54} 16. Qxb5 {
(00:57} Bb6 {(01:08} 17. Kh2 {(01:35} Rb8 {(01:
38} 18. Qa4 {(02:47} Nh5 {(02:41} 19. Nf3 {(02:24} Nf4
{(08:21} 20. Qc2 {(01:40} g5 {(01:42} 21. Ng1 {(
04:00} g4 {(00:43} 22. g3 {(00:44} Qg5 {(03:04} 23.
Bc1 {(01:37} gxh3 {(08:23} 24. Bxf4 {(03:26} Qg6 {
(00:55} 25. Qe2 {(04:31} Be6 {(01:33} 26. Nxh3 {
(13:11} Bg4 {(00:32} 27. f3 {(00:36} Bxh3 {(01:
55} 28. Kxh3 {(00:11} Ba5 {(05:27} 29. Qd2 {(02:58} h5
{(11:49} 30. Rab1 {(04:04} Rg8 {(00:36} 31. Rb5 {
(00:59} Qe6+ {(01:31} 32. Kg2 {(01:27} c5 {(04:
07} 33. Rxa5 {(00:56} h4 {(00:35} 34. Rxa7+ {(00:42}
Kg6 {(00:50} 35. gxh4 {(09:17} Kh5+ {(03:41} 36. Bg5 {
(00:32} Rh8 {(10:28} 37. Qe2 {(01:12} Kg6 {(02:
13} 38. f4 {(00:28} Qxe4+ {(03:13} 39. Qxe4+ {(00:27}
Kh5 {(00:28} 40. Qf3+ {(00:00} 1-0

[Event "42nd Olympiad Baku 2016 Women"]
[Site "Baku"]
[Date "2016.09.08"]
[Round "6.14"]
[White "Vukikomoala, Hilda"]
[Black "McDowell, Sharon"]
[Result "0-1"]
[ECO "B52"]
[WhiteElo "1455"]
[BlackElo "1685"]
[Annotator ""]
[PlyCount "59"]
[EventDate "2016.??.??"]
[EventType "team-tourn"]
[EventCountry "AZE"]
[SourceTitle "playchess.com"]
[Source "ChessBase"]
[WhiteTeam "Fiji"]
[BlackTeam "Honduras"]
[WhiteTeamCountry "FIJ"]
[BlackTeamCountry "HON"]
[TimeControl "40/5400+30:1800+30"]

1. e4 {(00:00} c5 {(00:00} 2. Nf3 {(00:00} d6 {(
00:41} 3. Bb5+ {(00:25} Bd7 {(00:29} 4. Bxd7+ {(00:19}
Qxd7 {(00:09} 5. O-O {(00:54} Nc6 {(05:26} 6. Re1 {
(01:20} e6 {(15:46} 7. c3 {(03:15} Qc7 {(13:48}
8. d4 {(03:25} cxd4 {(02:35} 9. cxd4 {(01:06} Nf6 {
(00:24} 10. Nc3 {(02:41} Be7 {(22:19} 11. Be3 {(
11:50} O-O {(03:09} 12. Rc1 {(05:05} Qa5 {(02:58} 13.
a3 {(13:52} a6 {(06:11} 14. Qb3 {(06:08} Nd8 {(
08:46} 15. h3 {(06:04} b5 {(02:06} 16. d5 {(28:24} e5
{(00:34} 17. Re2 {(01:20} Rc8 {(00:44} 18. Qd1 {
(04:36} Nb7 {(00:28} 19. Rec2 {(00:41} Qd8 {(01:
17} 20. b4 {(01:25} Qd7 {(00:27} 21. Qd3 {(00:34} Rc7
{(01:30} 22. Ne2 {(01:06} Rfc8 {(01:20} 23. Ng3 {
(00:13} Rxc2 {(00:37} 24. Rxc2 {(00:06} Rxc2 {(
00:18} 25. Qxc2 {(00:05} h6 {(00:49} 26. Qc1 {(00:31}
Bf8 {(02:47} 27. Nf5 {(00:40} Nxe4 {(01:15} 28. g4 {
(04:15} Nf6 {(01:58} 29. Qc2 {(00:43} Nxd5 {(02:
31} 30. Bd2 0-1

[Event "42nd Olympiad Baku 2016 Women"]
[Site "Baku"]
[Date "2016.09.08"]
[Round "6.4"]
[White "Wadima Humaid S H AlKalbani"]
[Black "Namaganda, Christine"]
[Result "0-1"]
[ECO "B07"]
[WhiteElo "1606"]
[BlackElo "1555"]
[Annotator ""]
[PlyCount "120"]
[EventDate "2016.??.??"]
[EventType "team-tourn"]
[EventCountry "AZE"]
[SourceTitle "playchess.com"]
[Source "ChessBase"]
[WhiteTeam "United Arab Emirates"]
[BlackTeam "Uganda"]
[WhiteTeamCountry "UAE"]
[BlackTeamCountry "UGA"]
[TimeControl "40/5400+30:1800+30"]

1. e4 {(00:00} d6 {(00:00} 2. d4 {(00:00} Nf6 {(
00:00} 3. Nc3 {(00:00} g6 {(00:24} 4. f3 {(00:00} Bg7
{(01:19} 5. Be3 {(00:05} c6 {(02:28} 6. Qd2 {(
00:14} b5 {(02:38} 7. Bd3 {(09:32} Nbd7 {(03:09} 8.
Nge2 {(00:32} Nb6 {(02:41} 9. g4 {(08:15} Bb7 {(
01:30} 10. Ng3 {(00:19} Qc7 {(02:10} 11. O-O-O {(02:30]
} Nfd7 {(04:51} 12. Kb1 {(15:53} Nc4 {(05:57} 13. Bxc4
{(03:45} bxc4 {(00:14} 14. f4 {(00:17} Qb6 {(03:
19} 15. d5 {(02:41} c5 {(00:31} 16. Rhe1 {(11:31} Rb8
{(01:12} 17. Ka1 {(00:07} Bxd5 {(10:42} 18. Rb1 {
(00:02} Bc6 {(01:17} 19. h4 {(10:35} Qa6 {(00:
45} 20. h5 {(15:30} Qa5 {(04:57} 21. Nce2 {(06:14}
Qxd2 {(01:56} 22. Bxd2 {(00:03} Rg8 {(08:45} 23. hxg6 {
(01:48} hxg6 {(00:35} 24. Bc3 {(00:38} Nf6 {(02:
31} 25. e5 {(05:22} Nxg4 {(03:40} 26. exd6 {(00:03} e6
{(02:06} 27. Bxg7 {(01:19} Rxg7 {(00:12} 28. Nc3 {
(00:01} Kd7 {(02:16} 29. Nce4 {(01:18} Bxe4 30. Nxe4 {
(01:00} Kc6 {(01:48} 31. Rbd1 {(00:20} Rd8 {(01:
08} 32. Rd2 {(03:17} Rd7 {(00:29} 33. Kb1 {(02:04} Nh6
{(00:18} 34. Nf6 {(00:29} Rd8 {(01:12} 35. d7 {(
00:01} Ng8 {(01:54} 36. Ne8 {(00:48} Rh7 {(01:37} 37.
Rd6+ {(00:01} Kb7 {(02:23} 38. a3 {(00:07} Ne7 {
(01:17} 39. a4 {(02:06} Nf5 {(00:55} 40. Rdd1 {(
00:00} Rh4 {(00:00} 41. Re4 {(00:34} g5 {(02:55} 42.
Rxc4 {(00:11} Ne3 {(02:47} 43. Nd6+ {(04:36} Kc6 {
(01:18} 44. Nxf7 {(02:24} Nxd1 {(00:45} 45. Nxd8+ {
(00:07} Kxd7 {(00:42} 46. Nf7 {(03:10} Rxf4 {(
01:03} 47. Ne5+ {(00:57} Kd6 {(02:49} 48. Rxf4 {(00:49]
} gxf4 {(00:16} 49. Nd3 {(00:03} e5 {(00:22} 50. Kc1 {
(00:24} Ne3 {(00:43} 51. Kd2 {(00:54} c4 {(00:
54} 52. Nc1 {(01:49} a5 {(01:10} 53. Ne2 {(00:09} Kd5
{(02:47} 54. Nc3+ {(01:27} Kd4 {(04:02} 55. Ne2+ {
(04:01} Ke4 {(00:24} 56. c3 {(00:50} Nf1+ {(02:
09} 57. Ke1 {(00:23} Ng3 {(02:21} 58. Nc1 {(00:51} Kd5
{(05:55} 59. Kd2 {(02:18} e4 {(00:40} 60. Ke1 {(
00:40} e3 {(03:57} 0-1

[Event "42nd Olympiad Baku 2016 Women"]
[Site "Baku"]
[Date "2016.09.08"]
[Round "6.10"]
[White "Wafa, Shrook"]
[Black "Bakri, Alia Anin Azwa"]
[Result "1/2-1/2"]
[ECO "A05"]
[WhiteElo "2106"]
[BlackElo "1923"]
[Annotator ""]
[PlyCount "98"]
[EventDate "2016.??.??"]
[EventType "team-tourn"]
[EventCountry "AZE"]
[SourceTitle "playchess.com"]
[Source "ChessBase"]
[WhiteTeam "Egypt"]
[BlackTeam "Malaysia"]
[WhiteTeamCountry "EGY"]
[BlackTeamCountry "MAS"]
[TimeControl "40/5400+30:1800+30"]

1. Nf3 {(00:00} Nf6 {(00:43} 2. g3 {(00:00} e6 {
(01:05} 3. Bg2 {(00:00} Be7 {(00:40} 4. O-O {(
00:07} O-O {(00:40} 5. c4 {(01:05} d5 {(01:37} 6. Qc2
{(01:09} c6 {(06:29} 7. b3 {(01:08} b6 {(01:38}
8. Bb2 {(00:26} Bb7 {(00:28} 9. d4 {(01:05} Nbd7 {
(03:48} 10. Ne5 {(03:10} Rc8 {(02:47} 11. Nd2 {(
01:29} c5 {(05:29} 12. Rac1 {(04:08} cxd4 {(02:49} 13.
Bxd4 {(00:34} Nxe5 {(03:08} 14. Bxe5 {(00:17} Nd7 {
(00:53} 15. Bb2 {(03:56} Bf6 {(03:34} 16. Rfd1 {
(01:20} Qe7 {(08:14} 17. Bxf6 {(09:37} Nxf6 {(
00:54} 18. Qb2 {(05:37} h6 {(09:59} 19. cxd5 {(02:37}
Bxd5 {(02:55} 20. Bxd5 {(01:00} Nxd5 {(01:20} 21. Nf3 {
(11:15} Qb7 {(04:42} 22. Ne5 {(07:01} b5 {(08:
46} 23. a3 {(04:47} b4 {(05:06} 24. axb4 {(01:22} Qxb4
{(03:19} 25. Rd3 {(05:35} Rxc1+ {(01:23} 26. Qxc1 {
(04:02} Qe4 {(00:23} 27. Qb2 {(01:53} Rc8 {(06:
31} 28. Nc4 {(03:40} Rb8 {(05:01} 29. Rd4 {(02:24} Qg6
{(01:44} 30. Ne5 {(02:40} Qg5 {(06:51} 31. f4 {(
10:41} Qh5 {(01:23} 32. e4 {(02:34} Nf6 {(00:44} 33.
Qc2 {(02:37} Rf8 {(00:32} 34. Ra4 {(02:28} Ra8 {
(00:18} 35. Rc4 {(02:42} Rd8 {(00:31} 36. Rc8 {(
01:16} Rxc8 {(00:08} 37. Qxc8+ {(00:06} Kh7 {(00:06}
38. Qc2 {(00:20} Kg8 {(00:34} 39. Kg2 {(01:23} Ng4 {
(00:33} 40. Nxg4 {(00:00} Qxg4 {(00:00} 41. e5 {
(02:00} g5 {(16:55} 42. h3 {(03:20} Qh5 {(01:17]
} 43. g4 {(02:00} Qh4 {(00:26} 44. Qc8+ {(03:22} Kg7 {
(01:16} 45. Qd8 {(04:48} Qe1 {(00:05} 46. Qf6+ {
(00:33} Kg8 {(00:13} 47. fxg5 {(00:39} Qd2+ {(
00:41} 48. Qf2 {(02:30} Qd5+ {(03:02} 49. Kg1 {(00:43}
hxg5 {(00:55} 1/2-1/2

[Event "42nd Olympiad Baku 2016 Women"]
[Site "Baku"]
[Date "2016.09.08"]
[Round "6.27"]
[White "Zaksaite, Salomeja"]
[Black "Hincu, Olga"]
[Result "0-1"]
[ECO "C11"]
[WhiteElo "2298"]
[BlackElo "2125"]
[Annotator ""]
[PlyCount "140"]
[EventDate "2016.??.??"]
[EventType "team-tourn"]
[EventCountry "AZE"]
[SourceTitle "playchess.com"]
[Source "ChessBase"]
[WhiteTeam "Lithuania"]
[BlackTeam "Moldova"]
[WhiteTeamCountry "LTU"]
[BlackTeamCountry "MDA"]
[TimeControl "40/5400+30:1800+30"]

1. e4 {(00:00} e6 {(00:00} 2. d4 {(00:00} d5 {(
00:00} 3. Nc3 {(00:17} Nf6 {(00:00} 4. e5 {(00:10}
Nfd7 {(00:00} 5. f4 {(00:06} c5 {(00:00} 6. Nf3 {
(00:05} Nc6 {(00:00} 7. Be3 {(00:06} cxd4 {(00:
00} 8. Nxd4 {(00:12} Bc5 {(00:00} 9. Qd2 {(01:00} Bxd4
{(00:00} 10. Bxd4 {(00:06} Nxd4 {(00:00} 11. Qxd4 {
(00:14} Qb6 {(00:02} 12. O-O-O {(01:01} Qxd4 {(
00:03} 13. Rxd4 {(00:05} Ke7 {(01:21} 14. Bd3 {(08:34}
Nb8 {(03:25} 15. Be2 {(07:36} Nc6 {(00:12} 16. Rd3 {
(00:23} Bd7 {(04:15} 17. Rg3 {(04:43} g6 {(00:
41} 18. h4 {(01:43} h5 {(00:07} 19. Rd1 {(01:43} Rac8
{(04:20} 20. a3 {(02:10} a6 {(07:49} 21. Rgd3 {(
08:31} Rc7 {(06:15} 22. Bf3 {(05:09} Na7 {(09:14} 23.
Bxd5 {(08:29} Nb5 {(02:07} 24. Be4 {(06:00} Nxc3 {
(03:10} 25. Rxc3 {(00:31} Rxc3 {(00:06} 26. bxc3 {
(00:01} b5 {(12:08} 27. Rd6 {(03:36} Rc8 {(03:
10} 28. Rxa6 {(17:06} Rc4 {(06:15} 29. Bd3 {(11:19}
Rxf4 {(00:55} 30. g3 {(01:03} Rf3 {(02:16} 31. a4 {
(01:58} bxa4 {(01:55} 32. c4 {(00:04} Re3 {(11:
28} 33. c5 {(01:03} Rxe5 {(00:58} 34. c6 {(00:14} Be8
{(03:26} 35. Ra7+ {(04:20} Kd6 {(01:27} 36. c7 {
(03:01} Rc5 {(05:49} 37. Ra8 {(00:32} Bd7 {(00:
12} 38. Rf8 {(03:39} Ke7 {(00:35} 39. Ra8 {(00:00}
Rxc7 {(00:00} 40. Kb2 {(00:00} e5 {(00:00} 41. c4 {
(02:08} Kd6 {(08:26} 42. Kc3 {(00:18} Bc6 {(12:
16} 43. Ra5 {(02:00} e4 {(02:56} 44. Bc2 {(02:55} e3 {
(03:20} 45. Bd1 {(11:07} Rb7 {(07:06} 46. Kd3 {(
08:34} Rb1 {(01:16} 47. Be2 {(02:56} Rg1 {(02:25} 48.
Kxe3 {(00:55} Rxg3+ {(00:09} 49. Kd4 {(00:03} Rh3 {
(00:59} 50. c5+ {(00:04} Ke6 {(02:37} 51. Bc4+ {
(00:51} Kf5 {(01:18} 52. Ra6 {(02:06} Rxh4+ {(
00:11} 53. Kc3 {(00:02} Rh3+ {(01:38} 54. Kb4 {(00:08}
Be8 {(01:17} 55. c6 {(00:16} Bxc6 {(01:15} 56. Rxc6 {
(00:04} Rh4 {(01:00} 57. Kc3 {(00:35} f6 {(01:
09} 58. Ra6 {(00:32} Rf4 {(02:41} 59. Rxa4 {(00:45} h4
{(00:28} 60. Bd3+ {(03:26} Kg5 {(00:17} 61. Ra1 {
(01:00} f5 {(00:59} 62. Kd2 {(00:10} h3 {(00:53]
} 63. Rh1 {(01:02} Kh4 {(00:31} 64. Ke3 {(00:18} g5 {
(01:09} 65. Bf1 {(00:17} Re4+ {(00:19} 66. Kf2 {
(01:01} g4 {(00:06} 67. Bxh3 {(02:28} gxh3 {(00:
07} 68. Kf3 {(00:09} Rg4 {(00:37} 69. Ra1 {(00:49} h2
{(01:09} 70. Kf2 {(00:24} Rg1 {(00:24} 0-1

[Event "42nd Olympiad Baku 2016 Women"]
[Site "Baku"]
[Date "2016.09.08"]
[Round "6.18"]
[White "Zavala Galindo, Alejandra Beatri"]
[Black "Lomandong Noela-Joyce"]
[Result "0-1"]
[ECO "A08"]
[WhiteElo "1766"]
[BlackElo "1763"]
[Annotator ""]
[PlyCount "50"]
[EventDate "2016.??.??"]
[EventType "team-tourn"]
[EventCountry "AZE"]
[SourceTitle "playchess.com"]
[Source "ChessBase"]
[WhiteTeam "El Salvador"]
[BlackTeam "Monaco"]
[WhiteTeamCountry "ESA"]
[BlackTeamCountry "MNC"]
[TimeControl "40/5400+30:1800+30"]

1. e4 {(00:00} c5 {(00:00} 2. Nf3 {(00:00} e6 {(
00:00} 3. d3 {(00:47} Nc6 {(00:38} 4. g3 {(00:10} d5 {
(05:43} 5. Nbd2 {(00:19} Nf6 {(01:08} 6. Bg2 {(
00:35} Be7 {(05:00} 7. O-O {(01:26} O-O {(08:47} 8.
Re1 {(03:11} Qc7 {(07:07} 9. c3 {(14:49} b6 {(
07:08} 10. e5 {(07:17} Nd7 {(00:21} 11. d4 {(00:14}
cxd4 {(10:08} 12. cxd4 {(00:16} Nb4 {(00:33} 13. Re3 {
(11:25} Qc2 {(06:46} 14. Re1 {(03:55} Qg6 {(10:
40} 15. Nf1 {(16:56} Nc2 {(00:52} 16. Bf4 {(00:45}
Nxa1 {(06:55} 17. Qxa1 {(00:10} Ba6 {(04:48} 18. Rc1 {
(06:20} Rfc8 {(00:36} 19. Ne3 {(02:16} Rxc1+ {(
02:50} 20. Qxc1 {(00:07} Rc8 {(00:06} 21. Qe1 {(03:27}
h6 {(02:56} 22. h4 {(02:15} Nb8 {(01:17} 23. a3 {
(02:09} Nc6 {(01:51} 24. b4 {(02:10} Qe4 {(04:
48} 25. Qa1 {(02:03} Be2 {(01:19} 0-1